 Dungeon Crawl Stone Soup version 0.31-a0-180-g519b7de00c (webtiles) character file.

Game seed: 17853943608107197418

272 qw the Chopper (level 6, -7/38 HPs)
             Began as a Gargoyle Fighter on June 20, 2023.
             Mangled by an ogre
             ... wielding a +0 giant spiked club
              (25 damage)
             ... on level 4 of the Dungeon.
             The game lasted 00:01:32 (2865 turns).

qw the Chopper (Gargoyle Fighter)                   Turns: 2865, Time: 00:01:33

Health: -7/38      AC: 18    Str: 22    XL:     6   Next: 23%
Magic:  6/6        EV:  8    Int:  8    God:
Gold:   137        SH:  4    Dex:  9    Spells: 5/5 levels left

rFire   . . .        Y - +2 war axe
rCold   . . .        c - +0 buckler
rNeg    + . .        a - +0 chain mail
rPois   inf          (no helmet)
rElec   +            (no cloak)
rCorr   .            (no gloves)
SInv    .            h - +0 pair of boots
Will    .....        (no amulet) Stlth
                     o - +4 ring of protection
HPRegen 0.26/turn    (no ring)
MPRegen 0.10/turn

%: no passive effects
@: no status effects
A: sickness immunity, AC +4, negative energy resistance 1, electricity
resistance, torment resistance 1, petrification resistance
a: no special abilities


You were on level 4 of the Dungeon.
You visited 1 branch of the dungeon, and saw 4 of its levels.

You collected 186 gold pieces.
You spent 49 gold pieces at shops.


Innate Abilities, Weirdness & Mutations

You are immune to sickness and miasma.
Your stone body is resilient. (AC +4)
You are immune to poison.
You resist negative energy. (rN+)
You are resistant to electric shocks. (rElec)
You are resistant to unholy torment.
You are immune to petrification.


   Skills:
 - Level 4.2 Fighting
 + Level 5.1 Axes
 - Level 1.2 Throwing
 - Level 3.2 Armour
 - Level 3.2 Shields


You had 5 spell levels left.
You didn't know any spells.
Your spell library was empty.

Inventory:

Hand Weapons
 s - a +0 flail
 Y - a +2 war axe (weapon)
Missiles
 f - 3 javelins (quivered)
Armour
 a - a +0 chain mail (worn)
 c - a +0 buckler (worn)
 h - a +0 pair of boots (worn)
Jewellery
 o - a +4 ring of protection (left hand)
Scrolls
 b - 2 scrolls of identify
 p - a scroll of teleportation
Potions
 d - a potion of might
 e - a potion of resistance {unknown}
 g - 2 potions of haste {unknown}
 i - a potion of invisibility {unknown}
 j - 2 potions of curing {unknown}
 k - a potion of enlightenment {unknown}
 n - a potion of heal wounds {unknown}
 r - a potion of berserk rage {unknown}

Dungeon Overview and Level Annotations

Branches:
Dungeon (4/15)
 Temple: D:4-7

Altars:
Cheibriados

Shops:
D:2 [:


Message History

Enter note: You see here a scroll of amnesia.
Found a stone staircase leading down.
Enter note:
Enter note:
Enter note:
Enter note:
Enter note:
Enter note:
There is a stone staircase leading down here.
k - a coppery potion
Enter note:
Enter note:
Enter note:
Enter note:
Enter note:
Enter note: An ogre comes into view. It is wielding a +0 giant spiked club.
Found a stone staircase leading up.
The ogre shouts!
Enter note:
Enter note:
Enter note:
Enter note:
Enter note:
Enter note:
Enter note:
Enter note:
Enter note: You slash the ogre!
The ogre is moderately wounded.
The ogre hits you with a +0 giant spiked club!
You barely miss the ogre.
The ogre is moderately wounded.
The ogre hits you with a +0 giant spiked club.
You slash the ogre!
The ogre is severely wounded.
The ogre hits you with a +0 giant spiked club!!
Ouch! That really hurt!
You die...

.##.#.# #.# #.###.#####.##
....#.##########.###.....#
#...
.####....................#
#... .#
#########.....###...#####...
.#
########.....####.##.....#.
.#
..................##.###.#.
.. .#######.....#######.#
#.#. ## #.....# #.# #...
###@### #.# #... <.....O.#
#.# ##.. ######### #.# #.#
####.####.# #.......#.#
#.##....... #######
#.#####.#.# ......# #.#
#.>.. #####.# #.# ###..


You could see an ogre.

Vanquished Creatures
  A scorpion (D:4)
  2 jellies (D:4)
  A hound (D:4)
  4 adders
  3 worms
  3 dart slugs
  3 orcs
  16 ball pythons
  10 bats
  3 endoplasms
  2 giant cockroaches (D:2)
  9 goblins
  4 hobgoblins
  2 quokkas (D:3)
  3 frilled lizards
  6 kobolds
  3 rats
75 creatures vanquished.

Notes
Turn   | Place    | Note
-------+----------+-------------------------------------------
     0 | D:1      | qw the Gargoyle Fighter began the quest for the Orb.
     0 | D:1      | Reached XP level 1. HP: 14/14 MP: 1/1
     0 | D:1      | 0 ||| qw: Version: 0.3-a-9-g12657ce
     0 | D:1      | 0 ||| qw: Game counter: 1123
     0 | D:1      | 0 ||| qw: Always use a shield: true
     0 | D:1      | 0 ||| qw: God list: Okawaru
     0 | D:1      | 0 ||| qw: Allow faded altars: false
     0 | D:1      | 0 ||| qw: Do Orc after D:15 true
     0 | D:1      | 0 ||| qw: Do second Lair branch before Depths: true
     0 | D:1      | 0 ||| qw: Lair rune preference: random
     0 | D:1      | 0 ||| qw: Plans: Normal, Zot:1-4, Slime:5, God:TSO, Crypt,
                  | Tomb, Abyss, Pan, Hells, Win
     0 | D:1      | 0 ||| PLANNING D:1-11
    23 | D:1      | Reached skill level 2 in Axes
    46 | D:1      | Reached XP level 2. HP: 19/19 MP: 2/2
   428 | D:1      | 428 ||| Stepping ~*~*~tactically~*~*~ (stealth).
   430 | D:1      | 430 ||| Stepping ~*~*~tactically~*~*~ (stealth).
   433 | D:1      | 433 ||| Stepping ~*~*~tactically~*~*~ (stealth).
   472 | D:1      | Reached skill level 3 in Axes
   546 | D:1      | Reached XP level 3. HP: 23/23 MP: 3/3
   854 | D:1      | 854 ||| READING scroll labelled QUMAEC ALIA.
   855 | D:1      | 855 ||| READING scroll labelled SARCHUF HAULEANK.
   856 | D:1      | 856 ||| READING scroll labelled URHOL ZUOVOADD.
   903 | D:2      | Found Xacuclid's Armour Shoppe.
   907 | D:2      | 907 ||| BUYING +0 chain mail (49 gold).
   907 | D:2      | Bought a +0 chain mail for 49 gold pieces
   907 | D:2      | 907 ||| SHOPLISTING +0 cloak (49 gold, have 2).
   907 | D:2      | 907 ||| SHOPLISTING +0 pair of boots (49 gold, have 2).
   907 | D:2      | 907 ||| SHOPLISTING +1 helmet (126 gold, have 2).
   921 | D:2      | Found a snail-covered altar of Cheibriados.
  1097 | D:2      | Found Tuut's Book Shoppe.
  1147 | D:2      | 1147 ||| Stepping ~*~*~tactically~*~*~ (hiding).
  1148 | D:2      | 1148 ||| Stepping ~*~*~tactically~*~*~ (hiding).
  1165 | D:2      | Reached XP level 4. HP: 28/28 MP: 4/4
  1301 | D:2      | Reached skill level 4 in Axes
  1628 | D:2      | 1628 ||| UPGRADING to +0 chain mail.
  1638 | D:2      | 1638 ||| DROPPING +0 scale mail.
  1639 | D:2      | 1639 ||| UPGRADING to +0 pair of boots.
  1644 | D:2      | 1644 ||| UPGRADING to +4 ring of protection.
  1645 | D:2      | 1645 ||| READING scroll labelled ONNAROEREL.
  1648 | D:2      | 1648 ||| READING scroll labelled MUSIESE JICU.
  1662 | D:3      | Found a faded altar of an unknown god.
  1668 | D:3      | 1668 ||| Stepping ~*~*~tactically~*~*~ (stealth).
  1792 | D:3      | 1792 ||| Stepping ~*~*~tactically~*~*~ (hiding).
  1986 | D:3      | 1986 ||| Stepping ~*~*~tactically~*~*~ (stealth).
  2188 | D:3      | 2188 ||| FLEEEEING.
  2189 | D:3      | 2189 ||| FLEEEEING.
  2190 | D:3      | 2190 ||| FLEEEEING.
  2191 | D:3      | 2191 ||| FLEEEEING.
  2192 | D:3      | 2192 ||| FLEEEEING.
  2193 | D:3      | 2193 ||| FLEEEEING.
  2198 | D:3      | 2198 ||| FLEEEEING.
  2199 | D:3      | 2199 ||| FLEEEEING.
  2228 | D:3      | 2228 ||| DROPPING +0 mace.
  2293 | D:3      | 2293 ||| READING scroll labelled ZIRINU EHAIVIGAINI.
  2294 | D:3      | 2294 ||| READING 2 scrolls labelled PAPHOR BIRA.
  2295 | D:3      | 2295 ||| READING scroll of enchant weapon.
  2295 | D:3      | 2295 ||| ENCHANTING +1 war axe.
  2296 | D:3      | 2296 ||| READING scroll labelled ZATEHA JOE.
  2315 | D:3      | 2315 ||| READING scroll labelled LAOX NUGUFOE.
  2316 | D:3      | 2316 ||| READING scroll labelled PECUAZ ETRAM.
  2317 | D:3      | 2317 ||| DRINKING 4 golden potions.
  2321 | D:3      | 2321 ||| DROPPING 3 potions of ambrosia.
  2391 | D:4      | 2391 ||| Stepping ~*~*~tactically~*~*~ (stealth).
  2532 | D:4      | Noticed a scorpion
  2535 | D:4      | Killed a scorpion
  2536 | D:4      | Reached skill level 5 in Axes
  2536 | D:4      | Reached XP level 5. HP: 31/32 MP: 5/5
  2568 | D:4      | 2568 ||| Stepping ~*~*~tactically~*~*~ (stealth).
  2587 | D:4      | Found the +12 glaive of Prune {freeze, Prune}
  2596 | D:4      | Reached skill level 1 in Throwing
  2601 | D:4      | Reached XP level 6. HP: 18/38 MP: 6/6
  2865 | D:4      | Mangled by an ogre

Levels and vault maps discovered:
D:1:      ncdulo_watergridlock, layout_loops_corners
D:2:      layout_basic, basic_altar, serial_shops, shop,
          nicolae_shop_hallway_stairs
D:3:      layout_basic, hellmonk_ecumenical_altar_run_dry, kennysheep_potato
D:4:      layout_loops_ring, minmay_misc_feat_secret_circle,
          hangedman_decor_lopped

Skill      XL: |  1  2  3  4  5  6 |
---------------+-------------------+-----
Axes           | 2 3 5 |  5.1
Throwing       | 1 |  1.2
Fighting       | 4 |  4.2
Armour         | |  3.2
Shields        | |  3.2

Action                     |  1- 3 |  4- 6 || total
---------------------------+-------+-------++-------
  Melee: War axe           |   123 |    92 ||   215
  Throw: Javelin           |       |     4 ||     4
    Use: Scroll            |     3 |     8 ||    11
         Potion            |       |     1 ||     1
 Armour: Scale mail        |    74 |     2 ||    76
         Chain mail        |       |    37 ||    37
  Dodge: Dodged            |    69 |    28 ||    97
  Block: Buckler           |    26 |    17 ||    43

Table legend:
 A = Non-vault XP
 B = Vault XP
 C = Vault XP percentage of total XP
 D = Non-vault monster count
 E = Vault monster count
 F = Vault count percentage of total count
                 A         B        C        D         E       F
            +---------+---------+-------+---------+---------+-------
      Total |     379 |      10 |   2.6 |      71 |       4 |   5.3
            +---------+---------+-------+---------+---------+-------
        D:1 |      39 |       0 |   0.0 |      20 |       0 |   0.0
        D:2 |      64 |       0 |   0.0 |      22 |       0 |   0.0
        D:3 |      30 |      10 |  25.0 |      16 |       4 |  20.0
        D:4 |     246 |       0 |   0.0 |      13 |       0 |   0.0
            +---------+---------+-------+---------+---------+-------
